 Dungeon Crawl Stone Soup version 0.22-a0-785-g6253c82ace (webtiles) character file.

249 Nakatomy the Archer (level 5, -9/45 HPs)
             Began as a Centaur Hunter on July 20, 2018.
             Mangled by an iguana (11 damage)
             ... on level 4 of the Dungeon.
             The game lasted 00:13:35 (3179 turns).

Nakatomy the Archer (Centaur Hunter)                Turns: 3179, Time: 00:13:36

Health: -9/45      AC:  4    Str: 14    XL:     5   Next: 86%
Magic:  5/5        EV: 10    Int: 10    God:
Gold:   187        SH:  0    Dex: 11    Spells: 4/4 levels left

rFire    . . .     SeeInvis .   a - +1 shortbow
rCold    . . .     Gourm    .   (shield currently unavailable)
rNeg     . . .     Faith    .   c - +0 leather armour
rPois    .         Spirit   .   (no helmet)
rElec    .         Reflect  .   (no cloak)
rCorr    .         Harm     .   (no gloves)
MR       .....                  (no barding)
Stlth    ++........             (no amulet)
HPRegen  0.15/turn              p - ring of stealth
MPRegen  0.09/turn              (no ring)

@: very quick
A: large, hooves 3, deformed body, speed 2, tough skin 3
a: no special abilities


You were on level 4 of the Dungeon.
You were not hungry.

You visited 1 branch of the dungeon, and saw 4 of its levels.

You collected 187 gold pieces.

Inventory:

Hand Weapons
 a - a +1 shortbow (weapon)
 b - a +0 short sword
Missiles
 d - 5 arrows (quivered)
Armour
 c - a +0 leather armour (worn)
Jewellery
 p - a ring of stealth (left hand)
Scrolls
 g - 3 scrolls of remove curse
Potions
 e - a potion of flight
 j - a potion of degeneration
 l - a potion of heal wounds
 n - a potion of cancellation
 q - a potion of curing {unknown}
Comestibles
 f - 3 rations


   Skills:
 + Level 3.2 Fighting
 * Level 8.0 Bows
 + Level 2.4 Dodging
 - Level 0.4 Stealth


You had 4 spell levels left.
You didn't know any spells.
Your spell library was empty.

Dungeon Overview and Level Annotations

Branches:
Dungeon (4/15)
 Temple: D:4-7

Altars:
Sif Muna
Trog

Annotations:
D:3 exclusion: downstairs


Innate Abilities, Weirdness & Mutations

You have hooves in place of feet.
Armour fits poorly on your strangely shaped body.
You cover ground very quickly.
You have extremely tough skin. (AC +3)


Message History

The iguana is severely wounded.
The iguana bites you.
An orc wizard comes into view. It is wielding a mace of protection.
The orc wizard gestures at you while chanting.
The puff of flame hits you!
The orc wizard points at you and mumbles some strange words.
The puff of frost hits you!
* * * LOW HITPOINT WARNING * * *
Okay, then.
Unknown command.
a - a +1 shortbow (weapon)
The iguana bites you!
* * * LOW HITPOINT WARNING * * *
The orc wizard looks braver for a moment.
Firing (i - inventory)
d - 6 arrows (quivered)
Press: ? - help, Shift-Dir - straight line, f - orc wizard, p - iguana
Aim: an orc wizard, wielding a mace of protection and wearing a robe You shoot an arrow.
The arrow barely misses the orc wizard.
The iguana bites you!
You die...

####### #......
#......##
.....>..##########
....!...#..@l..#.#
........#.###.##.##
........(.#..<.(..#
.....oo(###.#(...##
....(o..# #.#....#
####...(# # #(...#
.....(# #....#
..#..(.# #....####
........#
###.#..)..#


You could see an iguana, 2 orc wizards and an orc.

Vanquished Creatures
  2 ogres (D:4)
  2 adders
  An ooze (D:1)
  2 dart slugs (D:2)
  2 leopard geckos
  2 giant cockroaches
  13 goblins
  5 hobgoblins
  3 jackals (D:1)
  9 kobolds
  6 bats
  2 frilled lizards
  4 rats
53 creatures vanquished.

Notes
Turn   | Place    | Note
-------+----------+-------------------------------------------
     0 | D:1      | Nakatomy the Centaur Hunter began the quest for the Orb.
     0 | D:1      | Reached XP level 1. HP: 17/17 MP: 1/1
   165 | D:1      | Reached XP level 2. HP: 24/24 MP: 2/2
   166 | D:1      | Reached skill level 6 in Bows
   794 | D:1      | Reached XP level 3. HP: 29/29 MP: 3/3
  1754 | D:2      | Found a bloodstained altar of Trog.
  1807 | D:3      | Found a deep blue altar of Sif Muna.
  2283 | D:3      | Reached XP level 4. HP: 22/37 MP: 4/4
  2641 | D:3      | Reached skill level 7 in Bows
  2987 | D:4      | Noticed an ogre
  3037 | D:4      | Killed an ogre
  3037 | D:4      | Reached XP level 5. HP: 44/44 MP: 5/5
  3051 | D:4      | Noticed an ogre
  3104 | D:4      | Killed an ogre
  3104 | D:4      | Reached skill level 8 in Bows
  3178 | D:4      | HP: 2/45 [iguana (9)]
  3179 | D:4      | Mangled by an iguana

Vault maps used:
D:1:      kennysheep_arrival_forest
D:2:      nicolae_overflow_hidden_temple
D:3:      grunt_ministairs_3, led_sif_pool
D:4:      kennysheep_spiral_hall, okawaru_trees_2, lemuel_coloured_pillars_altar

Skill      XL: |  1  2  3  4  5 |
---------------+----------------+-----
Bows           | 6 7 8 |  8.0
Dodging        | 2 |  2.4
Fighting       | 3 |  3.2
Stealth        | |  0.4

Action                   |  1- 3 |  4- 6 || total
-------------------------+-------+-------++-------
Melee: Short sword       |   128 |    13 ||   141
       Kick              |    14 |     2 ||    16
 Fire: Shortbow          |    27 |    48 ||    75
  Use: Scroll            |       |    10 ||    10
 Stab: Sleeping          |     2 |     1 ||     3
  Eat: Chunk             |     2 |     3 ||     5
Armor: Leather armour    |    57 |     7 ||    64
Dodge: Dodged            |    62 |     8 ||    70

Table legend:
 A = Spawn XP
 B = Non-spawn XP
 C = Spawn XP percentage of total XP
 D = Spawn monster count
 E = Non-spawn monster count
 F = Spawn count percentage of total count
 G = Total turns spent on level
                    A         B        C        D         E        F      G
               +---------+---------+-------+---------+---------+-------+---------
         Total |       0 |     356 |   0.0 |       0 |      53 |   0.0 |  3179
               +---------+---------+-------+---------+---------+-------+---------
           D:1 |       0 |      44 |   0.0 |       0 |      22 |   0.0 |  1204
           D:2 |       0 |      36 |   0.0 |       0 |      11 |   0.0 |   509
           D:3 |       0 |      42 |   0.0 |       0 |      18 |   0.0 |  1251
           D:4 |       0 |     234 |   0.0 |       0 |       2 |   0.0 |   215
               +---------+---------+-------+---------+---------+-------+---------
